 Dungeon Crawl Stone Soup version 0.28-a0-71-g84acfa7270 (webtiles) character file.

Game seed: 13046962689931792897

1784 mcsnuffy the Ducker (level 8, -8/48 HPs)
             Began as a Deep Elf Hedge Wizard on Aug 1, 2021.
             Was a Follower of Sif Muna.
             Mangled by a two-headed ogre (26 damage)
             ... on level 9 of the Dungeon.
             The game lasted 00:28:30 (10204 turns).

mcsnuffy the Ducker (Deep Elf Hedge Wizard)        Turns: 10204, Time: 00:28:30

Health: -8/48      AC:  3    Str: 13    XL:     8   Next: 81%
Magic:  19/20      EV: 15    Int: 22    God:    Sif Muna [*.....]
Gold:   288        SH:  0    Dex: 14    Spells: 13/21 levels left

rFire   . . .      SeeInvis .   y - +2 spear (vorpal)
rCold   . . .      Faith    .   (no shield)
rNeg    . . .      Spirit   .   b - +0 robe
rPois   .          Reflect  .   s - +0 helmet
rElec   .          Harm     .   (no cloak)
rCorr   .          Rampage  .   (no gloves)
Will    .....                   (no boots)
Stlth   +++.......              (no amulet)
HPRegen 0.16/turn               S - +6 ring of strength
MPRegen 0.17/turn               Z - ring of wizardry

@: no status effects
A: no striking features
a: Renounce Religion, Channel Magic


You were on level 9 of the Dungeon.
You worshipped Sif Muna.
Sif Muna was aware of your devotion.
You visited 2 branches of the dungeon, and saw 9 of its levels.

You collected 314 gold pieces.
You spent 26 gold pieces at shops.


   Skills:
 - Level 4.0 Fighting
 + Level 7.4 Dodging
 + Level 5.1 Stealth
 - Level 7.0 Spellcasting
 - Level 7.0 Conjurations
 - Level 1.1 Summonings
 - Level 1.1 Translocations


You had 13 spell levels left.
You knew the following spells:

 Your Spells              Type           Power      Damage    Failure   Level
c - Call Imp              Summ           12%        N/A       3%          2
d - Mephitic Cloud        Conj/Pois/Air  17%        N/A       4%          3
m - Magic Dart            Conj           100%       1d8       1%          1
B - Blink                 Tloc           N/A        N/A       3%          2

Your spell library contained the following spells:

 Spells                   Type           Power      Damage    Failure   Level
 Conjure Flame            Conj/Fire      23%        6-21      2%          3
 Slow                     Hex            7%         N/A       4%          2

Inventory:

Hand Weapons
 a - a +0 dagger
 v - a +1 whip of freezing
 y - a +2 vorpal spear (weapon)
Missiles
 l - 74 poisoned darts
 x - 2 throwing nets {=f}
Armour
 b - a +0 robe (worn)
 c - a +0 hat
 e - a +0 kite shield
 s - a +0 helmet (worn)
Jewellery
 S - a +6 ring of strength (left hand)
 Z - a ring of wizardry (right hand)
Wands
 p - a wand of flame (12)
 r - a wand of polymorph (10)
Scrolls
 d - a scroll of fear {unknown}
 g - 3 scrolls of blinking
 j - 2 scrolls of enchant armour {unknown}
 n - 4 scrolls of vulnerability
 q - a scroll of summoning {unknown}
 w - 3 scrolls of fog {unknown}
 z - a scroll of acquirement {unknown}
 A - a scroll of enchant weapon {unknown}
 B - a scroll of magic mapping {unknown}
 C - 2 scrolls of silence {unknown}
 D - a scroll of immolation {unknown}
 E - a scroll of identify {@r1}
Potions
 f - a potion of invisibility {unknown}
 h - 2 potions of flight {unknown}
 i - 4 potions of curing {@q1}
 k - a potion of heal wounds {@q2}
 m - a potion of resistance
 o - a potion of brilliance {unknown}
 t - 2 potions of magic {unknown}
 u - a potion of attraction {unknown}

Dungeon Overview and Level Annotations

Branches:
Dungeon (7/15)             Temple (1/1) D:4

Altars:
Ashenzari
Dithmenos
Elyvilon
Fedhas
Makhleb
Nemelex Xobeh
Okawaru
Qazlal
Ru
Sif Muna
Trog
Uskayaw
Wu Jian
Xom
Zin
The Shining One

Shops:
D:1 *   D:3 ?   D:5 *

Annotations:
D:9 1 transporter, Strat's ghost, novice PaAK

#### #.▒▒▒▒▒▒▒▒
#.▒......▒
#.▒..▓▓(.▒
#.▒.▓..▓.▒
##.▒.▓.)▓.▒
#####.©▒?.▓▓O.▒
#......▒@....©▒
#.###.©▒OO▓▓..▒
######.####.▒W▓..▓.▒
#........##.▒.▓..▓.▒
#.####>#....▒O.▓▓..▒
#.# #....>.▒.....©▒
##.# ######.▒▒▒▒▒▒▒▒
#>.# ##.. #.## ###


You could see 3 two-headed ogres, an ogre (confused) and Strat's ghost.


Message History

Aiming: Mephitic Cloud (dangerous; 4% risk of failure)
Press: ? - help, Shift-Dir - straight line, f - ogre
Aim: an ogre, wielding a +0 giant club (chance to affect: 77%)
The ball explodes into a vile cloud!
The stinking cloud engulfs the ogre but does no damage.
The stinking cloud engulfs the two-headed ogre but does no damage.
The ogre is engulfed in noxious fumes.
The ogre appears confused.
The two-headed ogre is engulfed in noxious fumes.
The ogre is engulfed in noxious fumes.
The ogre appears confused.
The ogre hits the ogre with a +0 giant club!!
The ogre is killed!
Sif Muna accepts your kill.
The two-headed ogre is engulfed in noxious fumes.
The ogre is engulfed in noxious fumes.
The ogre appears confused.
The two-headed ogre is engulfed in noxious fumes.
The ogre hits something but does no damage.
Strat's ghost laughs crazily.
The ogre ponders the situation.
The two-headed ogre hits the two-headed ogre with a +4 dire flail!
The two-headed ogre hits the two-headed ogre with the +8 dire flail "Zaet Ixi" {vorpal, *Corrode rElec rF+ rN+}!
The two-headed ogre hits itself with a +4 dire flail!!
The two-headed ogre hits itself with the +8 dire flail "Zaet Ixi" {vorpal, *Corrode rElec rF+ rN+}!
The ogre laughs at nothing.
You see here a +0 leather armour.
The two-headed ogre hits you with a +0 giant club!!
Ouch! That really hurt!
* * * LOW HITPOINT WARNING * * *
The two-headed ogre hits you with a +0 giant club!!
Ouch! That really hurt!
You die...

Skill      XL: |  1  2  3  4  5  6  7  8 |
---------------+-------------------------+-----
Conjurations   | 2 3 4 5 6 7 |  7.0
Fighting       | 2 4 |  4.0
Spellcasting   | 5 7 |  7.0
Dodging        | 4 7 |  7.4
Stealth        | 5 |  5.1
Summonings     | |  1.1
Translocations | |  1.1

Action                   |  1- 3 |  4- 6 |  7- 9 || total
-------------------------+-------+-------+-------++-------
Melee: Dagger            |     3 |    13 |       ||    16
       Whip              |       |       |    14 ||    14
       Spear             |       |       |    20 ||    20
 Cast: Magic Dart        |    91 |   113 |   241 ||   445
       Call Imp          |       |    22 |     9 ||    31
       Mephitic Cloud    |       |       |     8 ||     8
  Use: Scroll            |       |     2 |     1 ||     3
       Potion            |       |       |     1 ||     1
 Stab: Distracted        |       |     1 |       ||     1
       Sleeping          |       |       |     2 ||     2
Armor: Robe              |     4 |     4 |    30 ||    38
Dodge: Dodged            |    13 |    34 |    75 ||   122

Levels and vault maps discovered:
D:1:      dpeg_arrival_fog, layout_loops_ring, serial_shops,
          nicolae_shop_overgrown_old_shop
D:2:      minmay_spotlight, layout_basic, serial_rivers,
          chequers_serial_rivers_marsh, chequers_serial_rivers_large_a,
          chequers_serial_rivers_micro_d, chequers_serial_rivers_small_a
D:3:      layout_basic, basic_ecumenical_altar, serial_shops,
          nicolae_square_shop, eino_curves_03, uniq_jessica
D:4:      layout_loops_corners, mainiacjoe_overflow_small_starburst,
          minmay_temple_entry_wispy, uniq_pikel, uniq_ijyb, uniq_robin
D:5:      layout_basic, nicolae_shop_sticking_my_neck_out
D:6:      layout_loops_ring
D:7:      layout_loops_ring, kennysheep_generic_room_3
D:9:      layout_loops_cross, cheibrodos_worm_habitat, dk_yredelemnul_ordeal,
          mainiacjoe_overflow_six_doors_small, due_lair_maze_entry_diamond,
          gammafunk_ghost_smash
Temple:   regret_index_temple_generic_petals

Notes
Turn   | Place    | Note
-------+----------+-------------------------------------------
     0 | D:1      | mcsnuffy the Deep Elf Hedge Wizard began the quest for the
                  | Orb.
     0 | D:1      | Reached XP level 1. HP: 10/10 MP: 7/7
   140 | D:1      | Reached skill level 2 in Conjurations
   440 | D:1      | Reached XP level 2. HP: 15/15 MP: 6/9
   676 | D:1      | Found Ciby's Assorted Antiques.
   824 | D:1      | Reached skill level 3 in Conjurations
  1181 | D:1      | Reached XP level 3. HP: 19/19 MP: 8/10
  1561 | D:2      | Reached skill level 4 in Conjurations
  1631 | D:2      | Learned a level 2 spell: Call Imp
  1634 | D:2      | Learned a level 2 spell: Blink
  1740 | D:2      | Reached XP level 4. HP: 24/24 MP: 2/12
  2287 | D:2      | Noticed a phantom
  2306 | D:2      | Reached skill level 5 in Conjurations
  2312 | D:2      | Killed a phantom
  2313 | D:2      | Reached XP level 5. HP: 6/28 MP: 1/13
  2664 | D:2      | Reached skill level 6 in Conjurations
  3037 | D:3      | Found Haotauf's Magic Scroll Emporium.
  3059 | D:3      | Bought a scroll of identify for 26 gold pieces
  3335 | D:3      | Noticed Jessica
  3341 | D:3      | Killed Jessica
  3513 | D:3      | Found a faded altar of an unknown god.
  3565 | D:4      | Found a staircase to the Ecumenical Temple.
  3577 | Temple   | Entered the Ecumenical Temple
  3794 | Temple   | Became a worshipper of Sif Muna the Loreminder
  3836 | D:4      | Noticed Pikel
  3836 | D:4      | Noticed a lemure
  3836 | D:4      | Noticed a lemure
  3836 | D:4      | Noticed a lemure
  3837 | D:4      | Noticed a lemure
  4173 | D:4      | Noticed Ijyb
  4358 | D:4      | Killed Ijyb
  4637 | D:4      | Noticed Robin
  4790 | D:4      | Killed Robin
  4859 | D:4      | Found a broken altar of Ashenzari.
  4871 | D:4      | Reached XP level 6. HP: 33/33 MP: 11/15
  4984 | D:4      | Reached skill level 1 in Fighting
  4984 | D:4      | Reached skill level 5 in Spellcasting
  5242 | D:4      | Reached skill level 2 in Fighting
  5488 | D:4      | Killed Pikel
  5489 | D:4      | Reached skill level 4 in Dodging
  5489 | D:4      | Reached skill level 5 in Stealth
  5489 | D:4      | Reached XP level 7. HP: 16/40 MP: 6/16
  6110 | D:5      | Entered Level 5 of the Dungeon
  6140 | D:4      | Reached * piety under Sif Muna
  6218 | D:5      | Found Zoveog's Neck Hole.
  6286 | D:5      | Reached skill level 6 in Spellcasting
  6757 | D:5      | Reached skill level 7 in Spellcasting
  7530 | D:5      | Reached skill level 7 in Conjurations
  7660 | D:5      | Reached XP level 8. HP: 38/44 MP: 14/20
  8198 | D:6      | Reached skill level 3 in Fighting
  8353 | D:6      | HP: 2/46 [something (5)]
  8583 | D:6      | Learned a level 3 spell: Mephitic Cloud
  8715 | D:6      | Reached skill level 4 in Fighting
  9068 | D:6      | Reached skill level 5 in Dodging
  9733 | D:7      | Reached skill level 6 in Dodging
  9985 | D:7      | Reached skill level 7 in Dodging
 10139 | D:7      | You fall into a shaft and drop 2 floors!
 10183 | D:9      | Found a transporter.
 10184 | D:9      | Noticed Strat's ghost (novice PaAK)
 10185 | D:9      | Identified the +8 dire flail "Zaet Ixi" {vorpal, *Corrode
                  | rElec rF+ rN+}
 10185 | D:9      | Noticed a two-headed ogre
 10185 | D:9      | Noticed a two-headed ogre
 10187 | D:9      | Noticed a two-headed ogre
 10188 | D:9      | Found a transporter.
 10204 | D:9      | Mangled by a two-headed ogre

Vanquished Creatures
  A water moccasin (D:6)
  An ice beast (D:7)
  A sky beast (D:6)
  A necrophage (D:5)
  A phantom (D:2)
  An ogre (D:9)
  2 scorpions
  3 centaur zombies
  4 hounds
  A centaur skeleton (D:6)
  3 gnoll shamans
  An orc wizard (D:5)
  3 iguanas (D:5)
  A scorpion zombie (D:5)
  18 gnolls
  6 adders
  3 white imps
  A worm (D:2)
  A dart slug (D:4)
  9 orcs
  6 ball pythons
  7 bats
  11 endoplasms
  3 giant cockroaches
  8 goblins
  8 hobgoblins
  6 jackals
  4 quokkas
  2 frilled lizards
  7 kobolds
  6 rats
130 creatures vanquished.

Vanquished Creatures (collateral kills)
  Pikel (D:4)
  A gnoll sergeant (D:5)
  Ijyb (D:4)
  Jessica (D:3)
  Robin (D:4)
  A worm (D:5)
  An orc (D:5)
  9 goblins (D:4)
  A hobgoblin (D:4)
17 creatures vanquished.

Vanquished Creatures (others)
  6 fungi (D:9)
  15 plants
21 creatures vanquished.

Grand Total: 168 creatures vanquished

Table legend: (Time is in decaauts)
 A = Elapsed time spent in this place.
 B = Non-inter-level travel time spent in this place.
 C = Inter-level travel time spent in this place.
 D = Time resting spent in this place.
 E = Time spent auto-exploring this place.
 F = Levels seen in this place.
 G = Mean time per level.
                   A        B        C        D        E       F      G
               +--------+--------+--------+--------+--------+-----+--------+
         Total |  10214 |   9975 |    239 |   1304 |   7361 |   9 | 1134.9 |
       Dungeon |   9987 |   9757 |    230 |   1304 |   7163 |   8 | 1248.4 |
        Temple |    226 |    217 |      9 |      0 |    198 |   1 |  226.0 |
               +--------+--------+--------+--------+--------+-----+--------+

Top non-repeatable levels by time:
     D:4: 2300 daAuts
     D:5: 1999 daAuts
     D:6: 1581 daAuts
     D:1: 1518 daAuts
     D:2: 1452 daAuts
     D:3: 649 daAuts
     D:7: 422 daAuts
  Temple: 226 daAuts
     D:9: 64 daAuts

Table legend:
 A = Non-vault XP
 B = Vault XP
 C = Vault XP percentage of total XP
 D = Non-vault monster count
 E = Vault monster count
 F = Vault count percentage of total count
                 A         B        C        D         E       F
            +---------+---------+-------+---------+---------+-------
      Total |    2018 |     531 |  20.8 |     130 |      17 |  11.6
            +---------+---------+-------+---------+---------+-------
        D:1 |      48 |       0 |   0.0 |      28 |       0 |   0.0
        D:2 |     227 |       4 |   1.7 |      27 |       2 |   6.9
        D:3 |      11 |      19 |  63.3 |       7 |       1 |  12.5
        D:4 |     238 |     453 |  65.6 |      21 |      13 |  38.2
        D:5 |     560 |       0 |   0.0 |      23 |       0 |   0.0
        D:6 |     612 |       0 |   0.0 |      15 |       0 |   0.0
        D:7 |     322 |       0 |   0.0 |       9 |       0 |   0.0
        D:9 |       0 |      55 | 100.0 |       0 |       1 | 100.0
            +---------+---------+-------+---------+---------+-------
